 Dungeon Crawl Stone Soup version 0.28.0 (webtiles) character file.

Game seed: 6542995989570940800

93 fragbeetle the Bolt Thrower (level 4, -28/25 HPs)
             Began as a Kobold Arcane Marksman on Feb 12, 2022.
             Was an Initiate of Nemelex Xobeh.
             Killed by an exploding orc (35 damage)
             ... ignited by their inner flame
             ... on level 4 of the Dungeon.
             The game lasted 00:07:32 (4234 turns).

fragbeetle the Bolt Thrower (KoAM)                  Turns: 4234, Time: 00:07:32

Health: -28/25     AC:  7    Str:  9    XL:     4   Next: 92%
Magic:  5/5        EV: 12    Int: 14    God:    Nemelex Xobeh [......]
Gold:   175        SH:  0    Dex: 15    Spells: 4/5 levels left

rFire   . . .      SeeInvis .   a - +0 hand crossbow
rCold   . . .      Faith    .   (no shield)
rNeg    . . .      Spirit   .   f - +0 ring mail
rPois   .          Reflect  .   i - +2 hat
rElec   .          Harm     .   (no cloak)
rCorr   .          Rampage  .   (no gloves)
Will    .....                   (no boots)
Stlth   ++........              (no amulet)
HPRegen 0.08/turn               (no ring)
MPRegen 0.09/turn               (no ring)

@: no status effects
A: small, no large weapons, nightstalker 3
a: Renounce Religion, Draw Escape, Draw Destruction, Draw Summoning


You were on level 4 of the Dungeon.
You worshipped Nemelex Xobeh.
Nemelex Xobeh was noncommittal.
You visited 1 branch of the dungeon, and saw 4 of its levels.

You collected 208 gold pieces.
You spent 33 gold pieces at shops.

Inventory:

Hand Weapons
 a - a +0 hand crossbow (weapon)
 b - a +0 dagger
Missiles
 c - 12 bolts (quivered ammo)
 h - 2 atropa-tipped darts
Armour
 d - a +0 robe
 f - a +0 ring mail (worn)
 i - a +2 hat (worn)
Scrolls
 m - a scroll of magic mapping {unknown}
 n - a scroll of summoning {unknown}
 o - a scroll of teleportation {unknown}
Potions
 j - a potion of lignification {unknown}
 k - a potion of berserk rage {unknown}
 l - a potion of magic {unknown}


   Skills:
 - Level 1.1 Fighting
 * Level 1.3 Short Blades
 - Level 5.4 Crossbows
 - Level 2.4 Dodging
 - Level 1.1 Spellcasting
 - Level 3.0 Hexes


You had 4 spell levels left.
You knew the following spells:

 Your Spells              Type           Power      Damage    Failure   Level
a - Slow                  Hex            36%        N/A       22%         1

Your spell library contained the following spells:

 Spells                   Type           Power      Damage    Failure   Level
 Inner Flame              Hex/Fire       4%         N/A       75%         3
 Portal Projectile        Hex/Tloc       8%         N/A       75%         3
 Cause Fear               Hex            4%         N/A       91%         4


Dungeon Overview and Level Annotations

Branches:
Dungeon (4/15)
 Temple: D:4-7

Altars:
Nemelex Xobeh

Shops:
D:2 !


Innate Abilities, Weirdness & Mutations

You are small and have problems with some larger weapons.
You are completely attuned to the shadows.


Message History

A goblin comes into view. It is wielding a +0 dagger.
You hit the orc.
The orc is heavily wounded.
You feel less confused.
The goblin shouts!
You hear an angry growl.
The quokka misses you. The orc closely misses you.
The orc hits you but does no damage.
A black bear comes into view.
The orc barely misses you. The quokka barely misses you.
As you read the scroll labelled HOMUSA QIUNT, it crumbles to dust.
The creatures around you are filled with an inner flame!
It was a scroll of immolation.
The goblin misses you. The orc barely misses you. The quokka bites you.
Unknown command.
Blink to where?
Press: ? - help, Dir - move target
As you read the scroll of blinking, it crumbles to dust.
a - a +0 hand crossbow (weapon)
Fire: 13 bolts
Press: ? - help, Q - select action, (/) - cycle Shift-Dir - straight line, f - orc
Aim: an orc, wielding a +0 short sword (inner flame, 64% to hit)
You shoot a bolt.
Flame seeps out of something.
The orc hits you but does no damage.
Flame seeps out of something.
You hear some strange, mumbled words.
A puff of flame appears from out of thin air!
The puff of flame hits you.
* * * LOW HITPOINT WARNING * * *
Found a stone staircase leading down.
Reactivating autopickup.
You feel a bit more experienced.
The orc wizard explodes!
The fiery explosion engulfs the orc!!
The fiery explosion engulfs the goblin!!
The fiery explosion engulfs the orc!!
The fiery explosion engulfs the quokka!!
The quokka explodes!
The orc explodes!
The goblin explodes!
The orc explodes!
The fiery explosion engulfs you!!
Ouch! That really hurt!
You die...
Your body disappears without a glow.

#### >...
.#..####
.......#
#.@####
.##§§§§####
....§°§§#.###
....§§§§h..h.
#.##§§###+###
#.#..)#.....
#<..#...?.
.###.#.....
....†..# .


There were no monsters in sight!

Vanquished Creatures
  An orc wizard (D:4)
  A gnoll (D:1)
  An adder (D:2)
  7 orcs
  7 ball pythons
  2 bats (D:3)
  5 endoplasms
  4 giant cockroaches
  8 goblins
  4 hobgoblins
  3 jackals (D:2)
  8 kobolds
  4 quokkas
  6 frilled lizards
  6 rats
67 creatures vanquished.

Vanquished Creatures (others)
  5 toadstools (D:2)
5 creatures vanquished.

Grand Total: 72 creatures vanquished

Notes
Turn   | Place    | Note
-------+----------+-------------------------------------------
     0 | D:1      | fragbeetle the Kobold Arcane Marksman began the quest for
                  | the Orb.
     0 | D:1      | Reached XP level 1. HP: 12/12 MP: 2/2
   290 | D:1      | Reached skill level 3 in Crossbows
   291 | D:1      | Reached XP level 2. HP: 6/16 MP: 3/3
   726 | D:1      | Found a faded altar of an unknown god.
   745 | D:1      | Reached skill level 4 in Crossbows
   745 | D:1      | Reached XP level 3. HP: 20/20 MP: 4/4
  1231 | D:2      | Found Civion's Distillery.
  1236 | D:2      | Bought a potion of curing for 33 gold pieces
  2185 | D:2      | Reached XP level 4. HP: 23/25 MP: 5/5
  2275 | D:2      | Reached skill level 5 in Crossbows
  3752 | D:3      | Found a sparkling altar of Nemelex Xobeh.
  3910 | D:3      | Became a worshipper of Nemelex Xobeh the Trickster
  4108 | D:3      | Reached skill level 1 in Short Blades
  4229 | D:4      | Noticed a black bear
  4234 | D:4      | Killed by an exploding orc... ignited by their inner flame

Illustrated notes

Levels and vault maps discovered:
D:1:      psy_arrival_whirlpool, layout_loops_cross, basic_ecumenical_altar
D:2:      layout_loops_ring, serial_shops, shop, minmay_gold_behind_fungi
D:3:      layout_loops_ring, chequers_arboretum, kennysheep_flooded_box
D:4:      layout_basic, gup_sewer_entry_pipe

Skill      XL: |  1  2  3  4 |
---------------+-------------+-----
Crossbows      | 3 4 5 |  5.4
Short Blades   | 1 |  1.3
Fighting       | |  1.1
Dodging        | |  2.4
Spellcasting   | |  1.1
Hexes          | |  3.0

Action                   |  1- 3 |  4- 6 || total
-------------------------+-------+-------++-------
Melee: Dagger            |   168 |   255 ||   423
       Punch             |     2 |     2 ||     4
       Hand crossbow     |       |     2 ||     2
 Fire: Hand crossbow     |     4 |    13 ||    17
Throw: Dart              |       |     1 ||     1
  Use: Scroll            |       |     3 ||     3
       Potion            |       |     1 ||     1
 Stab: Sleeping          |     6 |     4 ||    10
Armor: Robe              |     5 |       ||     5
       Ring mail         |    46 |   112 ||   158
Dodge: Dodged            |   106 |   169 ||   275
